 Dungeon Crawl Stone Soup version 0.31-a0-355-g57cb03d3e8 (webtiles) character file.

Game seed: 18119428523224512090

74 Zeldest the Ruffian (level 4, -3/22 HPs)
             Began as a Vine Stalker Shapeshifter on July 24, 2023.
             Slain by an orc warrior
             ... wielding a +0 dire flail
              (16 damage)
             ... on level 3 of the Dungeon.
             The game lasted 00:02:38 (2415 turns).

Zeldest the Ruffian (Vine Stalker Shapeshifter)     Turns: 2415, Time: 00:02:39

Health: -3/22      AC: 13    Str: 21    XL:     4   Next: 28%
Magic:  0/5        EV: 10    Int:  5    God:
Gold:   139        SH:  0    Dex: 14    Spells: 3/3 levels left

rFire   . .          .
                       - Unarmed
rCold   + + .        (no shield)
rNeg    . . .        k - +7 scale mail of the Wary Prophets {rElec rC++ Str+3 Int-5}
rPois   .            (helmet currently unavailable)
rElec   +            (cloak currently unavailable)
rCorr   .            (gloves currently unavailable)
SInv    .            (boots currently unavailable)
Will    .....        n - amulet of regeneration Stlth
                     (no ring)
HPRegen 1.83/turn    (no ring)
MPRegen 0.09/turn

%: guardian spirit
@: beast-form
A: beast (slay +2), fangs 2, regeneration 1, magic shield, antimagic bite, no
potion heal 2
a: Begin Untransformation


You were on level 3 of the Dungeon.
You were a hulking beast.
You visited 1 branch of the dungeon, and saw 4 of its levels.

You collected 139 gold pieces.

Inventory:

Armour
 a - a +0 animal skin
 e - a +0 pair of gloves
 k - the +7 scale mail of the Wary Prophets (worn) {rElec rC++ Str+3 Int-5}
   (You found it on level 3 of the Dungeon)

   Str:       It affects your strength (+3).
   Int:       It affects your intelligence (-5).
   rC:        It greatly protects you from cold.
   rElec:     It insulates you from electricity.
 m - a +0 cloak
Jewellery
 n - an amulet of regeneration (around neck)
Talismans
 c - a beast talisman
Scrolls
 d - 10 scrolls of identify {unknown}
 g - a scroll of fear {unknown}
 h - 2 scrolls of amnesia {unknown}
 l - a scroll of blinking {unknown}
Potions
 b - 2 potions of lignification
 f - a potion of curing {unknown}
 j - a potion of heal wounds {unknown}
 o - a potion of magic {unknown}


   Skills:
 + Level 1.6 Fighting
 + Level 1.7 Dodging
 * Level 3.9 Unarmed Combat
 * Level 3.6 Shapeshifting


You had 3 spell levels left.
You didn't know any spells.
Your spell library contained the following spells:

 Spells                   Type           Power      Damage    Failure   Level
 Kiss of Death            Conj/Necr      0%         2d5       83%         1
 Confusing Touch          Hex            0%         N/A       99%         3
 Portal Projectile        Hex/Tloc       0%         N/A       99%         3
 Tukima's Dance           Hex            0%         N/A       99%         3
 Dispel Undead            Necr           0%         3d6       100%        4
 Iskenderun's Mystic Bla  Conj/Tloc      0%         2d3       100%        4


Dungeon Overview and Level Annotations

Branches:
Dungeon (4/15) Zot: 21588  Temple (0/1) D:4

Altars:


Innate Abilities, Weirdness & Mutations

You are a hulking beast.
Your limbs bulge with bestial killing power. (Slay +2)
You have extremely sharp teeth.
Your natural rate of healing is unusually fast.
When hurt, damage is shared between your health and your magic reserves.
Your bite disrupts and absorbs the magic of your enemies.
Potions cannot restore your health.


Message History

Press: ? - help, Shift-Dir - straight line, f/p - orc warrior
Aim: an orc warrior, wielding a +0 dire flail and wearing a +0 plate armour (chance to affect: 49%)
The orc warrior resists with some effort.
The orc warrior barely misses you.
Aiming: Paralyse
Press: ? - help, Shift-Dir - straight line, f/p - orc warrior
Aim: an orc warrior, wielding a +0 dire flail and wearing a +0 plate armour (chance to affect: 49%)
The orc warrior resists with some effort.
The now-empty wand crumbles to dust.
The orc warrior hits you but does no damage.
You hit the orc warrior.
You bite the orc warrior, but do no damage.
The orc warrior is lightly wounded.
You closely miss the orc warrior.
The orc warrior is lightly wounded.
The orc warrior closely misses you.
You hit the orc warrior. You bite the orc warrior. You drain its power.
You feel invigorated.
The orc warrior is moderately wounded.
The orc warrior hits you with a +0 dire flail!
Ouch! That really hurt!
You hit the orc warrior but do no damage.
The orc warrior is moderately wounded.
The orc warrior hits you with a +0 dire flail.
The orc warrior barely misses you. The orc warrior misses you.
The orc warrior attacks as you move away!
The orc warrior closely misses you.
The orc warrior attacks as you move away!
The orc warrior barely misses you.
The orc warrior attacks as you move away!
The orc warrior hits you with a +0 dire flail.
You punch the orc warrior! Your bite misses the orc warrior.
The orc warrior is severely wounded.
The orc warrior hits you with a +0 dire flail!
You closely miss the orc warrior.
The orc warrior is severely wounded.
The orc warrior hits you with a +0 dire flail!
Ouch! That really hurt!
You die...

######### #.......#
#############.......######
#>......oh................
#...#########.......######
#.#.# #########+####
#.#.####### #######....#.#
#.........# #.....+....#..
######.##..###.# #.#####....#.#
#..........###.# #.#######.....
#......##......###.........<..#
#.......)..........####.##.##..


You could see an orc warrior.

Vanquished Creatures
  4 adders
  A worm (D:3)
  3 ball pythons
  5 endoplasms
  A giant cockroach (D:2)
  7 goblins
  4 hobgoblins (D:2)
  2 kobolds
  A quokka (D:3)
  4 frilled lizards
  2 rats
34 creatures vanquished.

Notes
Turn   | Place    | Note
-------+----------+-------------------------------------------
     0 | D:1      | Zeldest the Vine Stalker Shapeshifter began the quest for
                  | the Orb.
     0 | D:1      | Reached XP level 1. HP: 9/9 MP: 2/2
   120 | D:1      | Reached skill level 1 in Fighting
   702 | D:2      | Reached XP level 2. HP: 14/14 MP: 3/3
   867 | D:2      | Reached XP level 3. HP: 18/18 MP: 4/4
   940 | D:2      | Found a faded altar of an unknown god.
  1647 | D:3      | Identified the +7 scale mail of the Wary Prophets {rElec
                  | rC++ Str+3 Int-5}
  2008 | D:3      | Gained mutation: Your natural rate of healing is unusually
                  | fast. [Vine Stalker growth]
  2008 | D:3      | Reached XP level 4. HP: 22/22 MP: 5/5
  2385 | D:4      | Found a staircase to the Ecumenical Temple.
  2386 | D:4      | Noticed an orc warrior
  2386 | D:4      | Noticed a bullfrog
  2415 | D:3      | Slain by an orc warrior

Illustrated notes

Levels and vault maps discovered:
D:1:      psy_arrival_radial01, layout_basic
D:2:      layout_basic, nicolae_ecumenical_lake_church
D:3:      layout_basic, grunt_decor_cap, chequers_serial_rivers_marsh
D:4:      layout_rooms, minmay_temple_entry_stoned_glass,
          nicolae_twisty_statue_hallways

Skill      XL: |  1 |
---------------+----+-----
Fighting       | 1 |  1.6
Dodging        | |  1.7
Unarmed Combat | |  3.9
Shapeshifting  | |  3.6

Action                     |  1- 3 |  4- 6 || total
---------------------------+-------+-------++-------
  Melee: Unarmed           |    56 |    15 ||    71
         Bite              |     7 |     5 ||    12
         Punch             |     2 |       ||     2
  Evoke: Wand              |       |     3 ||     3
   Stab: Sleeping          |     1 |       ||     1
 Armour: Animal skin       |     7 |       ||     7
         Scale mail        |     7 |     3 ||    10
  Dodge: Dodged            |    26 |    11 ||    37
         Form:             |     1 |       ||     1
         Beast             |     1 |       ||     1

Table legend: (Time is in decaauts)
 A = Elapsed time spent in this place.
 B = Non-inter-level travel time spent in this place.
 C = Inter-level travel time spent in this place.
 D = Time resting spent in this place.
 E = Time spent auto-exploring this place.
 F = Levels seen in this place.
 G = Mean time per level.
                   A        B        C        D        E       F      G
               +--------+--------+--------+--------+--------+-----+--------+
         Total |   2410 |   2339 |     71 |    174 |   1807 |   4 |  602.5 |
       Dungeon |   2410 |   2339 |     71 |    174 |   1807 |   4 |  602.5 |
               +--------+--------+--------+--------+--------+-----+--------+

Top non-repeatable levels by time:
     D:2: 975 daAuts
     D:3: 751 daAuts
     D:1: 666 daAuts
     D:4: 17 daAuts
